 Dungeon Crawl Stone Soup version 0.27-a0-333-gfa571bf19a (console) character file.

Game seed: 935444009877796484

6538 Garrluk the Carver (level 11, -12/75 HPs)
             Began as a Formicid Fighter on Feb 12, 2021.
             Was a Priest of the Shining One.
             Mangled by a two-headed ogre
             ... wielding a +0 giant club
              (24 damage)
             ... on level 9 of the Dungeon.
             The game lasted 00:53:24 (4409 turns).

Garrluk the Carver (Formicid Fighter)               Turns: 4409, Time: 00:53:24

Health: -12/75     AC: 14    Str: 22    XL:     11   Next: 20%
Magic:  0/16       EV:  4    Int:  9    God:    the Shining One [***...]
Gold:   345        SH:  9    Dex: 11    Spells: 10/10 levels left

rFire    . . .     SeeInvis +   C - +3 great sword (freeze)
rCold    . . .     Faith    .   c - +0 kite shield
rNeg     + . .     Spirit   +   p - +0 plate armour
rPois    .         Reflect  .   (helmet unavailable)
rElec    .         Harm     .   g - +1 cloak
rCorr    .         Rampage  .   w - +0 pair of gloves
Will     ++...                  (no boots)
Stlth    ..........             k - amulet of guardian spirit
HPRegen  0.22/turn              f - ring of willpower
MPRegen  0.15/turn              (no ring)

@: glowing
A: permanent stasis, dig shafts and tunnels, four strong arms, antennae 3
a: Dig, Shaft Self, Renounce Religion, Divine Shield


You were on level 9 of the Dungeon.
You worshipped the Shining One.
The Shining One was most pleased with you.
You visited 2 branches of the dungeon, and saw 10 of its levels.
You also visited: Sewer.

You collected 513 gold pieces.
You spent 168 gold pieces at shops.

Notes
Turn   | Place    | Note
-------+----------+-------------------------------------------
     0 | D:1      | Garrluk the Formicid Fighter began the quest for the Orb.
     0 | D:1      | Reached XP level 1. HP: 18/18 MP: 1/1
    62 | D:1      | Reached skill level 1 in Short Blades
   114 | D:1      | Reached XP level 2. HP: 20/24 MP: 2/2
   131 | D:2      | Found a sacrificial altar of Ru.
   217 | D:2      | Found a shimmering altar of Xom.
   237 | D:2      | Reached XP level 3. HP: 16/29 MP: 3/3
   388 | D:2      | Found a snail-covered altar of Cheibriados.
   388 | D:2      | Found a shimmering blue altar of Sif Muna.
   522 | D:3      | Reached XP level 4. HP: 33/35 MP: 4/4
   567 | D:3      | Noticed an ogre
   588 | D:3      | Killed an ogre
   589 | D:3      | Reached skill level 4 in Long Blades
   589 | D:3      | Reached XP level 5. HP: 40/41 MP: 5/5
   732 | D:3      | Noticed Sigmund
   789 | D:4      | Reached XP level 6. HP: 16/47 MP: 6/6
  1088 | D:4      | Reached skill level 5 in Long Blades
  1117 | D:4      | Found an opulent altar of Gozag.
  1273 | D:4      | Noticed an ogre
  1292 | D:4      | Killed an ogre
  1293 | D:4      | Reached skill level 6 in Long Blades
  1293 | D:4      | Reached XP level 7. HP: 28/52 MP: 3/7
  1343 | D:4      | Found a staircase to the Ecumenical Temple.
  1715 | Temple   | Entered the Ecumenical Temple
  1746 | Temple   | Became a worshipper of the Shining One
  1782 | D:5      | Entered Level 5 of the Dungeon
  1880 | D:5      | Found an iron altar of Okawaru.
  1909 | D:5      | Reached skill level 7 in Long Blades
  1968 | D:5      | Reached XP level 8. HP: 20/58 MP: 5/8
  2015 | D:5      | Reached skill level 8 in Long Blades
  2049 | D:5      | Found a broken altar of Ashenzari.
  2077 | D:5      | Reached skill level 1 in Invocations
  2148 | D:5      | Found Deaski's Distillery.
  2159 | D:5      | Bought a potion of degeneration for 12 gold pieces
  2159 | D:5      | Bought a potion of curing for 36 gold pieces
  2159 | D:5      | Bought a potion of heal wounds for 60 gold pieces
  2159 | D:5      | Bought a potion of heal wounds for 60 gold pieces
  2229 | D:5      | Found a burning altar of Makhleb.
  2229 | D:5      | Found a radiant altar of Vehumet.
  2280 | D:6      | Noticed Blork the orc
  2305 | D:6      | Killed Blork the orc
  2358 | D:6      | Found Sotihoq's Elemental Accessories.
  2414 | D:6      | Reached * piety under the Shining One
  2420 | D:6      | Found a glowing golden altar of the Shining One.
  2447 | D:6      | Reached skill level 9 in Long Blades
  2492 | D:6      | Noticed a two-headed ogre
  2534 | D:6      | Killed a two-headed ogre
  2535 | D:6      | Reached skill level 10 in Long Blades
  2535 | D:6      | Reached skill level 5 in Invocations
  2535 | D:6      | Reached XP level 9. HP: 17/64 MP: 3/12
  2697 | D:6      | Found a glowing drain.
  2703 | Sewer    | Entered a sewer
  2968 | D:7      | Found a bloodstained altar of Trog.
  3145 | D:7      | Reached ** piety under the Shining One
  3146 | D:7      | Reached skill level 11 in Long Blades
  3271 | D:7      | Found Odduer's Book Shoppe.
  3282 | D:7      | Reached XP level 10. HP: 52/70 MP: 11/15
  3307 | D:7      | Noticed Pikel
  3338 | D:7      | Killed Pikel
  3603 | D:8      | Reached skill level 12 in Long Blades
  3632 | D:8      | Reached *** piety under the Shining One
  3779 | D:8      | Noticed Erica
  3791 | D:8      | Killed Erica
  3813 | D:8      | Noticed a two-headed ogre
  3822 | D:8      | Killed a two-headed ogre
  3823 | D:8      | Reached skill level 13 in Long Blades
  3823 | D:8      | Reached XP level 11. HP: 28/75 MP: 4/16
  4050 | D:8      | Found Pehirejy's Armour Shop.
  4316 | D:9      | Noticed Psyche
  4325 | D:9      | Killed Psyche
  4367 | D:9      | Found a snail-covered altar of Cheibriados.
  4383 | D:9      | Noticed Erolcha
  4384 | D:9      | Noticed a two-headed ogre
  4409 | D:9      | Mangled by a two-headed ogre

Inventory:

Hand Weapons
 B - a +5 great sword
   (You took it off a wight on level 8 of the Dungeon)
 C - a +3 great sword of freezing (weapon)
   (You took it off a wight on level 8 of the Dungeon)
 D - a +2 scimitar of flaming
   (You took it off Erica on level 8 of the Dungeon)
Missiles
 e - 50 poisoned darts (quivered)
 n - a throwing net
Armour
 c - a +0 kite shield (worn)
 g - a +1 cloak (worn)
   (You found it on level 2 of the Dungeon)
 p - a +0 plate armour (worn)
   (You found it on level 4 of the Dungeon)
 w - a +0 pair of gloves (worn)
   (You found it on level 7 of the Dungeon)
Jewellery
 f - a ring of willpower (left hand)
   (You found it on level 1 of the Dungeon)
 k - an amulet of guardian spirit (around neck)
   (You found it on level 3 of the Dungeon)
Wands
 a - a wand of flame (22)
   (You found it on level 9 of the Dungeon)
 o - a wand of iceblast (5)
   (You found it on level 4 of the Dungeon)
 u - a wand of paralysis (5)
   (You found it on level 7 of the Dungeon)
 y - a wand of polymorph (4)
   (You found it on level 7 of the Dungeon)
 z - a wand of digging (5)
   (You found it on level 7 of the Dungeon)
Scrolls
 d - a scroll of blinking {unknown}
 m - 2 scrolls of enchant armour
 q - a scroll of immolation {unknown}
 r - 2 scrolls of fog
 v - a scroll of random uselessness {unknown}
 A - a scroll of fear
Potions
 h - a potion of mutation {unknown}
 i - a potion of attraction {unknown}
 j - a potion of heal wounds
 l - 2 potions of brilliance
 s - 4 potions of curing

Table legend: (Time is in decaauts)
 A = Elapsed time spent in this place.
 B = Non-inter-level travel time spent in this place.
 C = Inter-level travel time spent in this place.
 D = Time resting spent in this place.
 E = Time spent auto-exploring this place.
 F = Levels seen in this place.
 G = Mean time per level.
                   A        B        C        D        E       F      G
               +--------+--------+--------+--------+--------+-----+--------+
         Total |   4626 |   4497 |    129 |    247 |      8 |  11 |  420.5 |
       Dungeon |   4281 |   4157 |    124 |    247 |      0 |   9 |  475.7 |
        Temple |     39 |     34 |      5 |      0 |      0 |   1 |   39.0 |
         Sewer |    305 |    305 |      0 |      0 |      8 |   1 |  305.0 |
               +--------+--------+--------+--------+--------+-----+--------+

Top non-repeatable levels by time:
     D:4: 1025 daAuts
     D:8: 686 daAuts
     D:7: 603 daAuts
     D:5: 518 daAuts
     D:6: 450 daAuts
     D:2: 387 daAuts
   Sewer: 305 daAuts
     D:3: 293 daAuts
     D:9: 180 daAuts
     D:1: 137 daAuts
  Temple: 39 daAuts


   Skills:
 - Level 3.5 Fighting
 - Level 3.0(9.8) Short Blades
 * Level 13.9(14.0) Long Blades
 - Level 3.5 Armour
 - Level 3.9 Shields
 - Level 7.9 Invocations


You had 10 spell levels left.
You didn't know any spells.
Your spell library contained the following spells:

 Spells                   Type           Power        Failure   Level
 Animate Skeleton         Necr           0%           100%        1
 Pain                     Necr           0%           100%        1
 Summon Small Mammal      Summ           0%           100%        1
 Call Imp                 Summ           0%           100%        2
 Call Canine Familiar     Summ           0%           100%        3
 Summon Guardian Golem    Hex/Summ       0%           100%        3
 Vampiric Draining        Necr           0%           100%        3
 Animate Dead             Necr           0%           100%        4
 Summon Ice Beast         Ice/Summ       0%           100%        4
 Summon Lightning Spire   Summ/Air       0%           100%        4
 Agony                    Necr           0%           100%        5


Dungeon Overview and Level Annotations

Branches:
Dungeon (9/15)             Temple (1/1) D:4           Sewer (visited)
   Lair: D:8-11         Orc: D:9-12

Altars:
Ashenzari
Cheibriados
Dithmenos
Elyvilon
Fedhas
Gozag
Kikubaaqudgha
Makhleb
Nemelex Xobeh
Okawaru
Ru
Sif Muna
Trog
Uskayaw
Vehumet
Wu Jian
Xom
Yredelemnul
Zin
The Shining One

Shops:
D:5 !   D:6 *   D:7 :   D:8 [

Annotations:
D:3 Sigmund
D:9 Erolcha


Innate Abilities, Weirdness & Mutations

You cannot be hasted, slowed, berserked, paralysed or teleported.
You can dig through walls and to a lower floor.
Your four strong arms can wield two-handed weapons with a shield.
You have a pair of large antennae on your head. (SInv)


Message History

Erolcha shouts!
Found 18 gold pieces.
A two-headed ogre comes into view. It is wielding two +0 giant clubs.
The two-headed ogre shouts in stereo!
Erolcha zaps a wand.
The mass of ice explodes!
The iceblast engulfs you!
Press: ? - help, v - describe, . - travel
Here: Erolcha, wielding a +0 giant club, wearing a +0 robe and carrying a wand of iceblast (6) (haloed)
The floor.
Unknown command.
Unknown command.
Erolcha zaps a wand.
The mass of ice explodes!
The iceblast engulfs you!
You extend your mandibles.
You dig through the rock wall.
You dig through the rock wall.
Okay, then.
You retract your mandibles.
You slash the two-headed ogre! You freeze the two-headed ogre.
The two-headed ogre is moderately wounded.
You block the two-headed ogre's attack.
The two-headed ogre hits you with a +0 giant club!
Your plate armour prevents you from hitting the two-headed ogre.
The two-headed ogre is lightly wounded.
The two-headed ogre hits you with a +0 giant club.
You block the two-headed ogre's attack.
You hit the two-headed ogre. You freeze the two-headed ogre.
The two-headed ogre is moderately wounded.
You slice the two-headed ogre!! You freeze the two-headed ogre.
The two-headed ogre is severely wounded.
The two-headed ogre hits you but does no damage. x2
You slash the two-headed ogre! You freeze the two-headed ogre.
The two-headed ogre is almost dead.
The two-headed ogre hits you with a +0 giant club!!
The two-headed ogre hits you but does no damage.
Are you sure you want to shaft yourself?
The two-headed ogre hits you with a +0 giant club!
* * * LOW HITPOINT WARNING * * *
The two-headed ogre hits you with a +0 giant club!
* * * LOW HITPOINT WARNING * * *
You begin to dig a shaft.
You continue digging a shaft.
The two-headed ogre hits you with a +0 giant club!!
You die...

#...............#≈≈≈### ≈#
#...............##≈##.##≈#
#................'≈.._.≈≈#
#.............{O##≈##.##≈##
#...............#≈≈≈#.#≈≈≈#
#...............#≈≈≈≈≈≈≈≈≈#
#.#############.#⌠≈≈.##≈≈⌠#
#...............#####.#####.
###############{.............
#O#############. ##@# ###


You could see a two-headed ogre.

Table legend:
 A = Kills in this place as a percentage of kills in entire the game.
 B = Kills by you in this place as a percentage of kills by you in the entire game.
 C = Kills by friends in this place as a percentage of kills by friends in the entire game.
 D = Other kills in this place as a percentage of other kills in the entire game.
 E = Experience gained in this place as a percentage of experience gained in the entire game.
 F = Experience gained in this place divided by the number of levels of this place that you have seen.
                   A       B       C       D       E      F
               +-------+-------+-------+-------+-------+----------------------
         Total | 100.0 | 100.0 |   N/A |   N/A | 100.0 | 849.2
       Dungeon |  90.2 |  90.2 |   N/A |   N/A |  97.3 | 1010.2
         Sewer |   9.8 |   9.8 |   N/A |   N/A |   2.7 | 249.0
               +-------+-------+-------+-------+-------+----------------------

Vanquished Creatures
  Monster Symbol All '5'
  2 crimson imps
  A shadow imp (D:7)
  4 white imps
  An ufetubus (D:7)
8 creatures vanquished. All '@' Erica (D:8) Psyche (D:9)
2 creatures vanquished. All 'B' 5 worker ants 9 giant cockroaches
14 creatures vanquished. All 'F' 6 bullfrogs
6 creatures vanquished. All 'K' Pikel (D:7) A kobold brigand (D:8) 10 kobolds
12 creatures vanquished. All 'O' 2 two-headed ogres 3 ogres
5 creatures vanquished. All 'S' 15 adders 6 ball pythons
21 creatures vanquished. All 'W' A phantom (D:9)
1 creature vanquished. All 'Y' 2 ice beasts (D:6)
2 creatures vanquished. All 'Z' A water moccasin zombie (D:5) A wyvern skeleton (D:9) A centaur zombie (D:5) 2 bullfrog zombies 3 hound skeletons 2 howler monkey skeletons 3 adder skeletons A goblin skeleton (D:6) A goblin zombie (D:6) 2 hobgoblin zombies (D:6) 2 kobold skeletons (D:6) A kobold zombie (D:6) An orc skeleton (D:6) A quokka skeleton (D:7)
22 creatures vanquished. All 'b' 6 bats
6 creatures vanquished. All 'c' 6 centaurs
6 creatures vanquished. All 'g' 4 goblins 5 hobgoblins
9 creatures vanquished. All 'h' A black bear (D:7) 3 hounds 14 jackals
18 creatures vanquished. All 'l' A wyvern (D:8) An iguana (D:5) 7 leopard geckos 8 frilled lizards
17 creatures vanquished. All 'n' 2 necrophages
2 creatures vanquished. All 'o' 2 orc warriors Blork the orc (D:6) 4 orc priests 4 orc wizards 25 orcs
36 creatures vanquished. All 'r' A quokka (D:5) 6 rats
7 creatures vanquished. All 's' 3 scorpions
3 creatures vanquished. All 'w' 2 worms A dart slug (D:4)
3 creatures vanquished. All 'y' 8 killer bees (D:8)
8 creatures vanquished. All 'z' 6 wights
6 creatures vanquished.
214 creatures vanquished. Monster Nature Uniques Erica (D:8) Pikel (D:7) Psyche (D:9) Blork the orc (D:6)
4 creatures vanquished. Natural Monsters 2 two-headed ogres A wyvern (D:8) 2 orc warriors 2 ice beasts (D:6) A black bear (D:7) 6 centaurs 3 ogres A kobold brigand (D:8) 6 bullfrogs 3 scorpions 8 killer bees (D:8) 4 orc priests 3 hounds 4 orc wizards An iguana (D:5) 5 worker ants 15 adders 2 worms A dart slug (D:4) 7 leopard geckos 25 orcs 9 giant cockroaches 4 goblins 5 hobgoblins 14 jackals 10 kobolds A quokka (D:5) 6 ball pythons 6 bats 8 frilled lizards 6 rats
171 creatures vanquished. Undead Monsters 2 necrophages A phantom (D:9) A water moccasin zombie (D:5) A wyvern skeleton (D:9) 6 wights A centaur zombie (D:5) 2 bullfrog zombies 3 hound skeletons 2 howler monkey skeletons 3 adder skeletons A goblin skeleton (D:6) A goblin zombie (D:6) 2 hobgoblin zombies (D:6) 2 kobold skeletons (D:6) A kobold zombie (D:6) An orc skeleton (D:6) A quokka skeleton (D:7)
31 creatures vanquished. Demonic Monsters 2 crimson imps A shadow imp (D:7) 4 white imps An ufetubus (D:7)
8 creatures vanquished.
214 creatures vanquished. Ascending Order Erica (D:8) Pikel (D:7) Psyche (D:9) A wyvern (D:8) A black bear (D:7) Blork the orc (D:6) A phantom (D:9) A kobold brigand (D:8) A water moccasin zombie (D:5) A wyvern skeleton (D:9) A centaur zombie (D:5) An iguana (D:5) A shadow imp (D:7) An ufetubus (D:7) A dart slug (D:4) A quokka (D:5) A kobold zombie (D:6) A goblin skeleton (D:6) A quokka skeleton (D:7) An orc skeleton (D:6) A goblin zombie (D:6) 2 two-headed ogres 2 orc warriors 2 ice beasts (D:6) 2 necrophages 2 crimson imps 2 bullfrog zombies 2 howler monkey skeletons 2 worms 2 hobgoblin zombies (D:6) 2 kobold skeletons (D:6) 3 ogres 3 scorpions 3 hounds 3 hound skeletons 3 adder skeletons 4 orc priests 4 orc wizards 4 white imps 4 goblins 5 worker ants 5 hobgoblins 6 centaurs 6 bullfrogs 6 wights 6 bats 6 rats 6 ball pythons 7 leopard geckos 8 killer bees (D:8) 8 frilled lizards 9 giant cockroaches 10 kobolds 14 jackals 15 adders 25 orcs
214 creatures vanquished.

Action                   |  1- 3 |  4- 6 |  7- 9 | 10-12 || total
-------------------------+-------+-------+-------+-------++-------
Melee: Long sword        |    93 |   130 |   358 |   149 ||   730
       Great sword       |       |       |       |    91 ||    91
Throw: Dart              |     3 |     7 |    11 |       ||    21
Invok: Divine Shield     |       |       |       |     2 ||     2
 Abil: Dig               |     3 |    11 |    34 |    25 ||    73
       Shaft Self        |       |       |       |     1 ||     1
Evoke: Wand              |       |       |       |     1 ||     1
  Use: Scroll            |     3 |       |     3 |     3 ||     9
       Potion            |       |       |     2 |     2 ||     4
Armor: Scale mail        |    45 |    53 |     6 |       ||   104
       Plate armour      |       |       |   144 |   110 ||   254
Dodge: Dodged            |    27 |    42 |    59 |    26 ||   154
Block: Kite shield       |    23 |    71 |   147 |   128 ||   369
       Rpst.: Long sword |     8 |    11 |    14 |     7 ||    40
       Great sword       |       |       |       |     2 ||     2
